 Dungeon Crawl Stone Soup version 0.30-a0-329-g85436e0a43 (webtiles) character file.

Game seed: 1922927164186974502

117 lunkers the Digger (level 5, -1/38 HPs)
             Began as a Meteoran Earth Elementalist on Oct 28, 2022.
             Was a Believer of Uskayaw.
             Killed by divine providence
             ... invoked by an orc priest
              (10 damage)
             ... on level 3 of the Dungeon.
             The game lasted 00:00:55 (807 turns).

lunkers the Digger (Meteoran Earth Elementalist)     Turns: 807, Time: 00:00:56

Health: -1/38      AC:  2    Str: 10    XL:     5   Next: 47%
Magic:  8/12       EV: 12    Int: 18    God:    Uskayaw [**....]
Gold:   56         SH:  0    Dex: 14    Spells: 11/12 levels left

rFire   . . .      SeeInvis .    g - +1 dagger (venom)
rCold   . . .      Faith    .    (no shield)
rNeg    . . .      Spirit   .    a - +0 robe
rPois   .          Reflect  .    (no helmet)
rElec   .          Harm     .    (no cloak)
rCorr   .          Rampage  .    (no gloves)
Will    .....                    (no boots)
Stlth   +.........               (no amulet)
HPRegen 0.26/turn                (no ring)
MPRegen 0.13/turn                (no ring)

@: glowing
A: sense surroundings 1, otherworldly, glowing, explore regen
a: Renounce Religion, Stomp, Line Pass


You were on level 3 of the Dungeon.
You worshipped Uskayaw.
Uskayaw was noncommittal.
You visited 1 branch of the dungeon, and saw 3 of its levels.

You collected 56 gold pieces.

Inventory:

Hand Weapons
 g - a +1 dagger of venom (weapon)
Armour
 a - a +0 robe (worn)
Magical Staves
 f - a staff of cold
Scrolls
 d - a scroll of torment {unknown}
 h - 2 scrolls of identify {unknown}
 i - a scroll of butterflies {unknown}
 j - a scroll of blinking {unknown}
 k - a scroll of teleportation {unknown}
Potions
 b - a potion of magic
 c - a potion of might {unknown}
 e - a potion of curing {unknown}


   Skills:
 - Level 2.4 Dodging
 - Level 1.4 Stealth
 + Level 4.1 Spellcasting
 - Level 1.2 Transmutations
 * Level 5.8 Earth Magic


You had 11 spell levels left.
You knew the following spells:

 Your Spells              Type           Power      Damage    Failure   Level
a - Sandblast             Erth           48%        2d12      1%          1

Your spell library contained the following spells:

 Spells                   Type           Power      Damage    Failure   Level
 Passwall                 Tmut/Erth      13%        N/A       4%          2
 Stone Arrow              Conj/Erth      28%        3d8       13%         3
 Petrify                  Tmut/Erth      16%        N/A       32%         4


Dungeon Overview and Level Annotations

Branches:
Dungeon (3/15) Zot: 964

Altars:
Sif Muna
Uskayaw

Shops:
D:1 (

Annotations:
D:3 Ijyb


Innate Abilities, Weirdness & Mutations

You passively map a small area around you.
You are easily found by Zot.
You glow in the dark.
You regain HP and MP as you explore.


Message History

Casting: Sandblast (safe; 1% risk of failure)
Confirm with . or Enter, or press ? or * to list all spells.
The blast of sand hits Ijyb but does no damage.
The orc shouts!
You hear an angry hiss.
The orc priest casts a cantrip, but nothing happens.
Casting: Sandblast (safe; 1% risk of failure)
Confirm with . or Enter, or press ? or * to list all spells.
The blast of sand hits Ijyb.
Ijyb is moderately wounded.
A frilled lizard comes into view.
Casting: Sandblast (safe; 1% risk of failure)
Confirm with . or Enter, or press ? or * to list all spells.
The blast of sand hits Ijyb!
Ijyb is heavily wounded.
Ijyb zaps a wand.
The puff of flame hits you.
Ijyb screams, "It's all mine!"
Ijyb hits you with a +0 club.
Casting: Sandblast (safe; 1% risk of failure)
Confirm with . or Enter, or press ? or * to list all spells.
The blast of sand hits Ijyb.
Ijyb is severely wounded.
Ijyb zaps a wand.
The puff of flame hits you!
* * * LOW HITPOINT WARNING * * *
You can now pass through a line of other dancers.
Aiming: Sandblast (safe; 1% risk of failure)
Press: ? - help, Q - select action, (/) - cycle Shift-Dir - straight line, f/p - Ijyb
Aim: Ijyb, wielding a +0 club, wearing a +0 leather armour and carrying a wand of flame (10) (severely wounded, 79% to hit)
The blast of sand misses Ijyb.
The blast of sand hits the orc priest!
The orc priest is almost dead.
Ijyb zaps a wand.
The puff of flame hits you!
* * * LOW HITPOINT WARNING * * *
The orc hits you with a +0 club.
* * * LOW HITPOINT WARNING * * *
An orc wizard comes into view. It is wielding a +0 dagger.
Ijyb hits you with a +0 club.
* * * LOW HITPOINT WARNING * * *
The orc misses you.
The orc priest calls down the wrath of Beogh upon you.
Beogh smites you!
You die...

* , > , , , .....
* ...##. . #... #
.#..[ .#.#* #...
#.#...# .#.# #...
#.#...##o.. ##..
#..!.$..l.* ####.
.....o.#
######.... #..g.#
##......###
#.@o.####..######
* #.........## **
#....######
#....# #....#
#....# #....#
#....# ######


You could see Ijyb, an orc priest, an orc wizard, an orc and a frilled lizard.

Vanquished Creatures
  A necrophage (D:2)
  An adder (D:2)
  3 dart slugs
  3 ball pythons
  2 bats
  3 endoplasms
  6 goblins
  2 hobgoblins (D:2)
  5 jackals (D:1)
  5 kobolds
  3 quokkas
  A frilled lizard (D:2)
  3 rats
38 creatures vanquished.

Notes
Turn   | Place    | Note
-------+----------+-------------------------------------------
     0 | D:1      | lunkers the Meteoran Earth Elementalist began the quest for
                  | the Orb.
     0 | D:1      | Reached XP level 1. HP: 14/14 MP: 5/5
    41 | D:1      | Reached skill level 4 in Earth Magic
    41 | D:1      | Reached XP level 2. HP: 20/20 MP: 4/6
    92 | D:1      | Noticed a golden eye
    94 | D:1      | Found a faded altar of an unknown god.
    95 | D:1      | Noticed a floating eye
    95 | D:1      | Noticed a floating eye
    95 | D:1      | Noticed an eye of devastation
   106 | D:1      | Prayed at the altar of an unknown god.
   106 | D:1      | Became a worshipper of Uskayaw the Reveller
   106 | D:1      | Reached * piety under Uskayaw
   180 | D:1      | Reached XP level 3. HP: 24/26 MP: 6/8
   181 | D:1      | Reached ** piety under Uskayaw
   290 | D:1      | Found Exugec's Antique Weapon Emporium.
   381 | D:2      | Noticed a necrophage
   384 | D:2      | Reached *** piety under Uskayaw
   385 | D:2      | Killed a necrophage
   386 | D:2      | Reached skill level 5 in Earth Magic
   386 | D:2      | Reached XP level 4. HP: 33/33 MP: 5/10
   386 | D:2      | Reached XP level 5. HP: 38/38 MP: 5/11
   656 | D:2      | Found a shimmering blue altar of Sif Muna.
   802 | D:3      | Noticed Ijyb
   807 | D:3      | Killed from afar by an orc priest

Illustrated notes

Levels and vault maps discovered:
D:1:      mrwooster_arrival_statue_2, layout_basic, serial_shops,
          nicolae_shop_hallway_plus, hellmonk_ecumenical_altar_watching_god,
          minmay_crystal_room
D:2:      layout_rooms, basic_altar
D:3:      layout_rooms, chequers_temple_overflow_statue_of_worship,
          uniq_jessica, uniq_sigmund, uniq_ijyb

Skill      XL: |  1  2  3  4  5 |
---------------+----------------+-----
Earth Magic    | 4 5 |  5.8
Spellcasting   | 3 4 |  4.1
Dodging        | |  2.4
Stealth        | |  1.4
Transmutations | |  1.2

Action                   |  1- 3 |  4- 6 || total
-------------------------+-------+-------++-------
 Cast: Sandblast         |    31 |    25 ||    56
Armor: Robe              |     2 |       ||     2
Dodge: Dodged            |     3 |     2 ||     5

Table legend: (Time is in decaauts)
 A = Elapsed time spent in this place.
 B = Non-inter-level travel time spent in this place.
 C = Inter-level travel time spent in this place.
 D = Time resting spent in this place.
 E = Time spent auto-exploring this place.
 F = Levels seen in this place.
 G = Mean time per level.
                   A        B        C        D        E       F      G
               +--------+--------+--------+--------+--------+-----+--------+
         Total |    833 |    802 |     31 |      0 |    635 |   3 |  277.7 |
       Dungeon |    833 |    802 |     31 |      0 |    635 |   3 |  277.7 |
               +--------+--------+--------+--------+--------+-----+--------+

Top non-repeatable levels by time:
     D:1: 394 daAuts
     D:2: 385 daAuts
     D:3: 54 daAuts
